 Dungeon Sprint DCSS version 0.21.1-1-g345015f (webtiles) character file.

12131 Mesmaeker13 the Warrior (level 11, -3/121 HPs)
             Began as a Minotaur Gladiator on Apr 13, 2018.
             Was the Champion of Trog.
             Slain by a hornet (11 damage)
             ... in the Dungeon (Sprint I: "Red Sonja").
             The game lasted 00:12:24 (2706 turns).

Mesmaeker13 the Warrior (Minotaur Gladiator)        Turns: 2706, Time: 00:12:25

Health: -3/121     AC: 20    Str: 21    XL:     11   Next: 58%
Magic:  3/3        EV: 11    Int:  7    God:    Trog [******]
Gold:   937        SH:  0    Dex: 13    Spells: 10/10 levels left

rFire    + . .     SeeInvis +   p - +2 great mace (antimagic)
rCold    + + .     Gourm    .   (shield currently unavailable)
rNeg     . . .     Faith    .   t - +3 plate armour {rC+}
rPois    .         Spirit   .   c - +0 hat
rElec    .         Reflect  .   (no cloak)
rCorr    .         Harm     .   (no gloves)
MR       ++...     NoTele   +   (no boots)
Stlth    ..........             (no amulet)
HPRegen  1.30/turn              e - ring of Nemelex Xobeh's Pride {rF+ rC+ Int+2 SInv}
MPRegen  0.08/turn              (no ring)

@: lethally poisoned (-3 -> -3), mesmerised, regenerating, slowed, very slow
A: retaliatory headbutt, horns 2
a: Berserk, Trog's Hand, Brothers in Arms, Burn Spellbooks, Renounce Religion


You were in the Dungeon.
You worshipped Trog.
Trog was exalted by your worship.
You were not hungry.

You visited 1 branch You collected 1694 gold pieces.
You spent 757 gold pieces at shops.

Inventory:

Hand Weapons
 h - a +0 blowgun
 p - a +2 antimagic great mace (weapon)
 q - the +10 arbalest "Puyz" {elec, Str+2 Int+2 SInv, unknown}
   (Trog gifted it to you in the Dungeon)

   It charges the ammunition it shoots with electricity; occasionally upon a
   hit, such missiles may discharge and cause terrible harm.
   It affects your strength (+2).
   It affects your intelligence (+2).
   It lets you see invisible.
Missiles
 j - 11 curare-tipped needles
 m - 3 poisoned javelins (quivered)
 o - 2 exploding tomahawks
Armour
 c - a +0 hat (worn)
 t - a +3 plate armour of cold resistance (worn)
Jewellery
 e - the ring of Nemelex Xobeh's Pride (left hand) {rF+ rC+ Int+2 SInv}
   (You bought it in a shop in the Dungeon)

   [ring of see invisible]

   It affects your intelligence (+2).
   It protects you from fire.
   It protects you from cold.
   It lets you see invisible.
Scrolls
 b - a scroll of immolation
 k - a scroll of blinking
 s - a scroll of random uselessness {unknown}
Potions
 d - a potion of cancellation {unknown}
 g - a potion of might
 i - 2 potions of magic
Comestibles
 f - 2 rations
 n - 7 chunks of flesh


   Skills:
 + Level 18.5 Fighting
 + Level 16.6 Maces & Flails
 + Level 10.6 Throwing
 + Level 16.9 Armour
 - Level 8.5 Dodging


You had 10 spell levels left.
You didn't know any spells.

Dungeon Overview and Level Annotations

Branches:
Dungeon (1/1)

Altars:
Cheibriados
Dithmenos
Elyvilon
Fedhas
Gozag
Hepliaklqana
Kikubaaqudgha
Makhleb
Nemelex Xobeh
Okawaru
Qazlal
Ru
Sif Muna
Trog
Uskayaw
Vehumet
Wu Jian
Xom
Yredelemnul
Zin
The Shining One
Jiyva
Lugonu

Shops:
D ((:}*:}!(:*[[*=[:


Innate Abilities, Weirdness & Mutations

You reflexively headbutt those who attack you in melee.
You have a pair of horns on your head.


Message History

You feel sick.
The hornet stings you but does no damage. x2
The merfolk siren chants its luring song. x2
The hornet stings you.
* * * LOW HITPOINT WARNING * * *
You feel as though you will be slow longer.
The merfolk siren chants its luring song. x2
Blink to where?
Press: ? - help, Dir - move target cursor You cannot blink away from the merfolk siren!
Blink to where?
Press: ? - help, Dir - move target cursor
Okay, then.
Unknown command.
Okay, then.
You sock the hornet! Your headbutt misses the hornet.
The hornet is heavily wounded.
You feel a little less mighty now.
You feel sick. The hornet stings you!
You die...

##################
§..§'§§§...'..#^^+
÷####§.§§§##..'^^#
(# ##§§§#######'#
)# ##+# #.)# ##
#†@# #††y# #mm≈.)
#..≈.## #..≈##
#..≈# ≈..## ≈..#


You could see 2 merfolk sirens and a hornet.

Vanquished Creatures
  A deep elf annihilator (D)
  A hydra (D)
  2 centaur warriors (D)
  Sonja (D)
  A deep troll (D)
  2 unseen horrors (D)
  A lindwurm (D)
  An oklob plant (D)
  4 demonic crawlers (D)
  2 kobold demonologists (D)
  A hellwing (D)
  4 hornets (D)
  A slime creature (D)
  Sigmund (D)
  2 redbacks (D)
  A yak (D)
  13 hogs (D)
  3 floating eyes (D)
  7 necrophages (D)
  An ogre (D)
  8 jellies (D)
  Ijyb (D)
  2 ballistomycetes (D)
61 creatures vanquished.

Vanquished Creatures (others)
  A gargoyle (D)
  2 ballistomycete spores (D)
3 creatures vanquished.

Grand Total: 64 creatures vanquished

Notes
Turn   | Place    | Note
-------+----------+-------------------------------------------
     0 | D        | Mesmaeker13 the Minotaur Gladiator began the quest for the Orb.
     0 | D        | Reached XP level 1. HP: 18/18 MP: 0/0
     1 | D        | Noticed Ijyb
    10 | D        | Killed Ijyb
    10 | D        | Reached skill level 4 in Fighting
    10 | D        | Reached skill level 5 in Maces & Flails
    10 | D        | Reached XP level 2. HP: 21/28 MP: 1/1
    86 | D        | Noticed an ogre
    95 | D        | Killed an ogre
    95 | D        | Reached skill level 6 in Fighting
    95 | D        | Reached XP level 3. HP: 4/38 MP: 2/2
    95 | D        | Reached XP level 4. HP: 4/45 MP: 3/3
   371 | D        | Noticed Sigmund
   378 | D        | Killed Sigmund
   378 | D        | Reached skill level 8 in Fighting
   378 | D        | Reached XP level 5. HP: 56/56 MP: 4/4
   398 | D        | Found a deep blue altar of Sif Muna.
   399 | D        | Found an ornate altar of the Wu Jian Council.
   400 | D        | Found a radiant altar of Vehumet.
   405 | D        | Reached skill level 9 in Fighting
   405 | D        | Reached skill level 1 in Armour
   405 | D        | Reached XP level 6. HP: 40/63 MP: 5/5
   522 | D        | Found Xocoir's Antique Weapon Emporium.
   522 | D        | Found an ancient bone altar of Kikubaaqudgha.
   522 | D        | Found a hazy altar of Hepliaklqana.
   522 | D        | Found a stormy altar of Qazlal.
   522 | D        | Found a hide-covered altar of Uskayaw.
   522 | D        | Found a blossoming altar of Fedhas.
   522 | D        | Found a bloodstained altar of Trog.
   522 | D        | Found an iron altar of Okawaru.
   522 | D        | Found a basalt altar of Yredelemnul.
   522 | D        | Found a glowing golden altar of the Shining One.
   522 | D        | Found a snail-covered altar of Cheibriados.
   522 | D        | Found a sacrificial altar of Ru.
   522 | D        | Found a glowing silver altar of Zin.
   522 | D        | Found a shadowy altar of Dithmenos.
   522 | D        | Found a white marble altar of Elyvilon.
   522 | D        | Noticed a yak
   525 | D        | Killed a yak
   525 | D        | Reached skill level 10 in Fighting
   525 | D        | Reached skill level 10 in Maces & Flails
   525 | D        | Reached skill level 5 in Armour
   526 | D        | Found an opulent altar of Gozag.
   527 | D        | Found a sparkling altar of Nemelex Xobeh.
   532 | D        | Became a worshipper of Trog the Wrathful
   566 | D        | Found a burning altar of Makhleb.
   566 | D        | Found a viscous altar of Jiyva.
   566 | D        | Found a shimmering altar of Xom.
   566 | D        | Found a corrupted altar of Lugonu.
   566 | D        | Noticed a slime creature
   579 | D        | Killed a slime creature
   579 | D        | Reached XP level 7. HP: 58/73 MP: 6/6
   663 | D        | Noticed a kobold demonologist
   665 | D        | Noticed a soul eater
   665 | D        | Reached skill level 11 in Fighting
   666 | D        | Noticed a kobold demonologist
   669 | D        | Killed a kobold demonologist
   669 | D        | Reached * piety under Trog
   674 | D        | Killed a kobold demonologist
   674 | D        | Reached ** piety under Trog
   674 | D        | Reached skill level 12 in Fighting
   674 | D        | Reached XP level 8. HP: 85/85 MP: 7/7
   714 | D        | Noticed a centaur warrior
   715 | D        | Noticed a centaur warrior
   734 | D        | Killed a centaur warrior
   734 | D        | Reached skill level 13 in Fighting
   734 | D        | Reached skill level 10 in Armour
   739 | D        | Killed a centaur warrior
   739 | D        | Reached skill level 14 in Fighting
   739 | D        | Reached XP level 9. HP: 32/95 MP: 8/8
  1001 | D        | Noticed a deep troll
  1018 | D        | Killed a deep troll
  1018 | D        | Reached *** piety under Trog
  1018 | D        | Reached skill level 15 in Maces & Flails
  1149 | D        | Found Rigumu's Armour Emporium.
  1160 | D        | Noticed Sonja
  1182 | D        | Killed Sonja
  1182 | D        | Reached skill level 15 in Fighting
  1248 | D        | Killed a gargoyle
  1447 | D        | Found Ogieg's Antique Weapon Boutique.
  1455 | D        | Bought a glowing morningstar for 147 gold pieces
  1529 | D        | Noticed an oklob plant
  1538 | D        | Killed an oklob plant
  1538 | D        | Received a gift from Trog
  1538 | D        | Reached XP level 10. HP: 107/107 MP: 9/9
  1573 | D        | Reached **** piety under Trog
  1573 | D        | Reached skill level 16 in Fighting
  1573 | D        | Reached skill level 5 in Throwing
  1582 | D        | Paralysed by fainting for 8 turns
  1699 | D        | Noticed a lindwurm
  1702 | D        | Killed a lindwurm
  1775 | D        | Reached ***** piety under Trog
  2222 | D        | Received a gift from Trog
  2261 | D        | Received a gift from Trog
  2283 | D        | Killed an unseen horror
  2283 | D        | Received a gift from Trog
  2283 | D        | Reached skill level 17 in Fighting
  2283 | D        | Reached skill level 15 in Armour
  2303 | D        | Killed an unseen horror
  2330 | D        | Reached ****** piety under Trog
  2343 | D        | Found Nafen's General Store.
  2343 | D        | Found Hirgh's Jewellery Emporium.
  2343 | D        | Found Paqav's Gadget Shoppe.
  2343 | D        | Found Woima's Assorted Antiques.
  2356 | D        | Reached XP level 11. HP: 94/117 MP: 10/10
  2357 | D        | Received a gift from Trog
  2364 | D        | Got an ancient arbalest {god gift}
  2369 | D        | Found Soshrur's Book Emporium.
  2383 | D        | Found Uwkutal's Book Shop.
  2412 | D        | Found Xioch's Book Emporium.
  2412 | D        | Found Voczysisk's Gadget Shop.
  2412 | D        | Found Inkept's Distillery.
  2412 | D        | Found Vulil's Weapon Boutique.
  2412 | D        | Found Mamorowu's Book Emporium.
  2412 | D        | Found Itoruc's Assorted Antiques.
  2412 | D        | Found Qomu's Antique Armour Shoppe.
  2416 | D        | Found Othatz's Armour Boutique.
  2425 | D        | Bought the ring of Nemelex Xobeh's Pride {rF+ rC+ Int+2 SInv} for 522 gold pieces
  2435 | D        | Bought 2 potions of might for 88 gold pieces
  2506 | D        | Received a gift from Trog
  2515 | D        | Received a gift from Trog
  2518 | D        | Received a gift from Trog
  2528 | D        | Reached skill level 18 in Fighting
  2661 | D        | Noticed a 12-headed hydra
  2665 | D        | Killed a 12-headed hydra
  2666 | D        | Reached skill level 10 in Throwing
  2679 | D        | Noticed a deep elf annihilator
  2685 | D        | Killed a deep elf annihilator
  2685 | D        | Received a gift from Trog
  2692 | D        | Paralysed by a hornet for 3 turns
  2698 | D        | Paralysed by a hornet for 2 turns
  2702 | D        | Paralysed by a hornet for 2 turns
  2704 | D        | Received a gift from Trog
  2706 | D        | Slain by a hornet

Skill      XL: |  1  2  3  4  5  6  7  8  9 10 11 |
---------------+----------------------------------+-----
Fighting       | 4 6 8 9 10 12 14 15 17 18 | 18.5
Maces & Flails | 5 7 9 11 12 14 15 16 | 16.6
Dodging        | 4 6 8 |  8.5
Armour         | 1 6 9 11 13 15 16 | 16.9
Throwing       | 4 8 10 | 10.6

Action                   |  1- 3 |  4- 6 |  7- 9 | 10-12 || total
-------------------------+-------+-------+-------+-------++-------
Melee: Flail             |    15 |    18 |    44 |       ||    77
       Headbutt          |     5 |     6 |    14 |    28 ||    53
       Morningstar       |       |       |    17 |    75 ||    92
       Great mace        |       |       |       |    56 ||    56
Throw: Throwing net      |     1 |     3 |     4 |     1 ||     9
       Tomahawk          |       |       |       |     4 ||     4
       Javelin           |       |       |       |     2 ||     2
Invok: Berserk           |       |       |     2 |     1 ||     3
       Trog's Hand       |       |       |     1 |     2 ||     3
       Burn Spellbooks   |       |       |       |     1 ||     1
  Use: Potion            |       |       |     5 |     3 ||     8
       Scroll            |       |       |       |     1 ||     1
 Stab: Held in net/web   |       |     3 |     3 |     1 ||     7
  Eat: Chunk             |       |       |     3 |       ||     3
       Ration            |       |       |       |     2 ||     2
Armor: Leather armour    |     2 |     1 |       |       ||     3
       Chain mail        |       |     1 |    31 |    49 ||    81
       Plate armour      |       |       |       |    68 ||    68
Dodge: Dodged            |     5 |     2 |    34 |    91 ||   132
